 Dungeon Crawl Stone Soup version 0.31-a0-234-gad7ace16ef (webtiles) character file.

Game seed: 6052639647015811808

87 qw the Shooter (level 4, -1/26 HPs)
             Began as a Gargoyle Hexslinger on July 9, 2023.
             Slain by a worm (7 damage)
             ... on level 2 of the Dungeon.
             The game lasted 00:00:32 (1186 turns).

qw the Shooter (Gargoyle Hexslinger)                Turns: 1186, Time: 00:00:32

Health: -1/26      AC:  6    Str: 12    XL:     4   Next: 51%
Magic:  5/5        EV: 12    Int: 13    God:
Gold:   938        SH:  0    Dex: 14    Spells: 4/5 levels left

rFire   . . .        Y - +1 sling (flame)
rCold   . . .        (no shield)
rNeg    + . .        c - +0 robe
rPois   inf          (no helmet)
rElec   +            (no cloak)
rCorr   .            m - +0 pair of gloves
SInv    .            (no boots)
Will    +....        (no amulet)
Stlth   +            l - ring of willpower
HPRegen 0.24/turn    (no ring)
MPRegen 0.09/turn

%: no passive effects
@: about to teleport
A: sickness immunity, AC +3, negative energy resistance 1, electricity
resistance, torment resistance 1, petrification resistance
a: no special abilities


You were on level 2 of the Dungeon.
You visited 1 branch of the dungeon, and saw 2 of its levels.

You collected 938 gold pieces.


Innate Abilities, Weirdness & Mutations

You are immune to sickness and miasma.
Your stone body is resilient. (AC +3)
You are immune to poison.
You resist negative energy. (rN+)
You are resistant to electric shocks. (rElec)
You are resistant to unholy torment.
You are immune to petrification.


   Skills:
 - Level 2.0 Fighting
 + Level 4.2 Ranged Weapons
 - Level 1.5 Dodging
 - Level 1.0 Spellcasting
 - Level 2.6 Hexes


You had 4 spell levels left.
You knew the following spells:

 Your Spells              Type           Power      Damage    Failure   Level
a - Slow                  Hex            28%        N/A       10%         1

Your spell library contained the following spells:

 Spells                   Type           Power      Damage    Failure   Level
 Inner Flame              Hex/Fire       4%         N/A       43%         3
 Portal Projectile        Hex/Tloc       8%         N/A       43%         3
 Cause Fear               Hex            3%         N/A       67%         4

Inventory:

Hand Weapons
 Y - a +1 sling of flaming (weapon)
Armour
 c - a +0 robe (worn)
 e - a +0 pair of boots
 m - a +0 pair of gloves (worn)
Jewellery
 l - a ring of willpower (left hand)
Scrolls
 a - 3 scrolls of identify
 b - a scroll of amnesia {unknown}
 d - a scroll of summoning {unknown}
 f - a scroll of torment {unknown}

Dungeon Overview and Level Annotations

Branches:
Dungeon (2/15)

Altars:


Message History

The sling bullet burns the adder.
The adder is almost dead.
The adder closely misses you. x2
You shoot a sling bullet.
The sling bullet hits the adder but does no damage.
The adder is almost dead.
The adder closely misses you.
You shoot a sling bullet.
The sling bullet closely misses the adder.
The adder bites you but does no damage. The adder bites you.
The worm misses you.
You shoot a sling bullet. The sling bullet misses the adder.
The adder bites you. The worm bites you but does no damage.
The adder barely misses you.
You shoot a sling bullet.
The sling bullet hits the adder but does no damage.
The adder is almost dead.
The adder barely misses you.
You shoot a sling bullet. The sling bullet misses the adder.
The adder completely misses you. The worm bites you! The adder bites you.
You shoot a sling bullet. The sling bullet hits the adder.
The sling bullet burns the adder.
You kill the adder!
The worm bites you.
You shoot a sling bullet. The sling bullet hits the worm.
The sling bullet burns the worm.
The worm is lightly wounded.
The worm bites you.
1184 ||| READING scroll of teleportation.
As you read the scroll of teleportation, it crumbles to dust.
You feel strangely unstable.
You shoot a sling bullet. The sling bullet hits the worm.
The sling bullet burns the worm.
The worm is lightly wounded.
The worm barely misses you.
You shoot a sling bullet. The sling bullet hits the worm.
The sling bullet burns the worm.
The worm is moderately wounded.
The worm bites you!
You die...

#^................
#........###.#.#..
#..........<.#.#.. #
####........###.#.#..
#.........(.......#....
.. ##.....###.........
#.#.#................
#...##.#####.........
#..@..# #.........
##w.### #.........
...... #.........
#....... #.#.......
#........ #.........
#....###.# #.#.######
#.... ...# # #.# ##...
...######.# ..........#


You could see a worm.

Vanquished Creatures
  Jessica (D:2)
  An adder (D:2)
  A worm (D:2)
  2 dart slugs (D:1)
  7 endoplasms
  3 giant cockroaches
  A goblin (D:1)
  7 hobgoblins
  3 quokkas (D:1)
  3 ball pythons
  5 bats (D:1)
  3 frilled lizards
  3 kobolds
  3 rats
43 creatures vanquished.

Notes
Turn   | Place    | Note
-------+----------+-------------------------------------------
     0 | D:1      | qw the Gargoyle Hexslinger began the quest for the Orb.
     0 | D:1      | Reached XP level 1. HP: 12/12 MP: 2/2
     0 | D:1      | 0 ||| qw: Version: 0.3-a-51-g015441d
     0 | D:1      | 0 ||| qw: Game counter: 4052
     0 | D:1      | 0 ||| qw: Melee chars always use a shield: true
     0 | D:1      | 0 ||| qw: God list: Okawaru
     0 | D:1      | 0 ||| qw: Allow faded altars: false
     0 | D:1      | 0 ||| qw: Do Orc after clearing Dungeon:15 true
     0 | D:1      | 0 ||| qw: Do second Lair branch before Depths: true
     0 | D:1      | 0 ||| qw: Lair rune preference: random
     0 | D:1      | 0 ||| qw: Goals: Normal
     0 | D:1      | 0 ||| PLANNING D:1-11
   138 | D:1      | Reached XP level 2. HP: 16/16 MP: 3/3
   178 | D:1      | Reached skill level 3 in Ranged Weapons
   425 | D:1      | Reached XP level 3. HP: 21/21 MP: 4/4
   801 | D:1      | 801 ||| UPGRADING to +0 pair of gloves.
   806 | D:1      | 806 ||| DROPPING ring of magical power.
   807 | D:1      | 807 ||| UPGRADING to ring of willpower.
   808 | D:1      | 808 ||| READING 4 scrolls labelled UNIEWY OR GOU.
   809 | D:1      | 809 ||| READING scroll labelled MYGYSON DEELE.
   810 | D:1      | 810 ||| READING 2 scrolls labelled DIGECWY FIURUMOA.
   815 | D:1      | 815 ||| READING scroll labelled LAAHUGOSUF.
   816 | D:1      | 816 ||| READING scroll labelled JEKLYC EMNIQ.
   816 | D:1      | Identified a scroll of acquirement
   816 | D:1      | 816 ||| ACQUIRING 844 gold pieces
   816 | D:1      | Acquired 844 gold pieces
   818 | D:1      | 818 ||| READING scroll labelled LAUFYUQITI.
   819 | D:1      | 819 ||| READING scroll labelled LONEISM MAWOU.
   820 | D:1      | 820 ||| DROPPING scroll of poison.
   869 | D:2      | Noticed Jessica
   871 | D:2      | Killed Jessica
   872 | D:2      | Reached XP level 4. HP: 26/26 MP: 5/5
   969 | D:2      | Reached skill level 4 in Ranged Weapons
  1183 | D:2      | HP: 5/26 [worm (5)]
  1184 | D:2      | 1184 ||| READING scroll of teleportation.
  1186 | D:2      | Slain by a worm

Levels and vault maps discovered:
D:1:      roderic_crossed_star, layout_loops_corners
D:2:      layout_basic, uniq_jessica

Skill      XL: |  1  2  3  4 |
---------------+-------------+-----
Ranged Weapons | 3 4 |  4.2
Fighting       | 2 |  2.0
Dodging        | |  1.5
Spellcasting   | |  1.0
Hexes          | |  2.6

Action                     |  1- 3 |  4- 6 || total
---------------------------+-------+-------++-------
   Fire: Sling             |    76 |    41 ||   117
    Use: Scroll            |     7 |     1 ||     8
 Armour: Robe              |    14 |     6 ||    20
  Dodge: Dodged            |    17 |    11 ||    28

Table legend:
 A = Non-vault XP
 B = Vault XP
 C = Vault XP percentage of total XP
 D = Non-vault monster count
 E = Vault monster count
 F = Vault count percentage of total count
                 A         B        C        D         E       F
            +---------+---------+-------+---------+---------+-------
      Total |      88 |      37 |  29.6 |      42 |       1 |   2.3
            +---------+---------+-------+---------+---------+-------
        D:1 |      49 |       0 |   0.0 |      27 |       0 |   0.0
        D:2 |      39 |      37 |  48.7 |      15 |       1 |   6.2
            +---------+---------+-------+---------+---------+-------
